 Dungeon Crawl Stone Soup version 0.29.1-15-g9cfb28693d (webtiles) character file.

Game seed: 17229571903796486601

792 bmack86 the Cleaver (level 7, 0/57 (59) HPs)
             Began as a Minotaur Fighter on Apr 18, 2024.
             Was an Initiate of Okawaru.
             Slain by a death yak (5 damage)
             ... on level 1 of the Lair of Beasts.
             The game lasted 00:09:27 (3557 turns).

bmack86 the Cleaver (Minotaur Fighter)              Turns: 3557, Time: 00:09:30

HP:   0/57 (59)     AC: 14    Str: 22    XL:     7   Next: 57%
MP:   7/7           EV:  6    Int:  5    God:    Okawaru [......]
Gold: 172           SH:  5    Dex: 10    Spells: 6/6 levels left

rFire   . . .      SeeInvis .   a - +0 war axe
rCold   . . .      Faith    .   c - +0 buckler
rNeg    . . .      Spirit   .   x - +0 plate armour
rPois   .          Reflect  .   (helmet restricted)
rElec   .          Harm     .   A - +0 cloak
rCorr   .          Rampage  .   (no gloves)
Will    +....                   o - +0 pair of boots
Stlth   ..........              q - amulet of regeneration
HPRegen 0.99/turn               h - ring of willpower
MPRegen 0.10/turn               (no ring)

@: lightly drained
A: horns 2, retaliatory headbutt
a: Renounce Religion


You were on level 1 of the Lair of Beasts.
You worshipped Okawaru.
Okawaru was noncommittal.
You visited 2 branches of the dungeon, and saw 7 of its levels.

You collected 172 gold pieces.

Inventory:

Hand Weapons
 a - a +0 war axe (weapon)
 r - a +0 war axe
Missiles
 g - a throwing net
 t - 14 poisoned darts (quivered)
 v - 3 silver javelins
 B - 4 curare-tipped darts
Armour
 b - a +0 scale mail
 c - a +0 buckler (worn)
 o - a +0 pair of boots (worn)
 x - a +0 plate armour (worn)
 A - a +0 cloak (worn)
Jewellery
 h - a ring of willpower (left hand)
 q - an amulet of regeneration (around neck)
Scrolls
 e - 2 scrolls of fog
 f - a scroll of enchant armour {unknown}
 j - a scroll of vulnerability {unknown}
 k - 3 scrolls of identify
 n - a scroll of teleportation {unknown}
 s - a scroll of poison {unknown}
 y - a scroll of summoning {unknown}
 z - a scroll of immolation {unknown}
 C - a scroll of magic mapping {unknown}
Potions
 d - 2 potions of might
 i - 3 potions of degeneration
 l - a potion of flight {unknown}
 m - 2 potions of curing
 p - a potion of attraction {unknown}
 u - a potion of magic {unknown}
 w - a potion of mutation {unknown}


   Skills:
 + Level 4.2 Fighting
 * Level 9.1 Axes
 + Level 4.2 Armour
 - Level 5.0 Shields
 + Level 1.4 Invocations


You had 6 spell levels left.
You didn't know any spells.
Your spell library contained the following spells:

 Spells                   Type           Power      Damage    Failure   Level
 Poisonous Vapours        Pois/Air       0%         N/A       100%        2
 Corpse Rot               Necr/Pois/Air  0%         N/A       100%        4


Dungeon Overview and Level Annotations

Branches:
Dungeon (8/15)               Lair (1/5) D:8
 Temple: D:4-7

Altars:
Elyvilon
Kikubaaqudgha
Nemelex Xobeh
Okawaru
Uskayaw
Vehumet
Xom
Yredelemnul

Shops:
D:1 [


Innate Abilities, Weirdness & Mutations

You have a pair of horns on your head.
You reflexively headbutt those who attack you in melee.


Message History

The shaft crumbles and collapses.
Found a white marble altar of Elyvilon.
You start resting.
HP restored.
Really walk into that teleport trap?
You enter a teleport trap!
The teleport trap disappears.
Your surroundings suddenly seem different.
A hell rat, a rat and 3 death yaks come into view.
Found 2 potions of curing and a scroll labelled QUD NOATEWOMMA.
Found a staircase to the Lair.
The hell rat roars deafeningly!
The death yak bellows! x3; You hear a shout! x3
A river rat comes into view.
The hell rat moves out of view.
The rat moves out of view.
As you read the scroll labelled HILIR GE NUG, it crumbles to dust.
The scroll dissolves into smoke.
It was a scroll of fog.
The death yak gores you!
The death yak gores you but does no damage.
The death yak gores you! The death yak gores you!
The death yak barely misses you.
There is a staircase to the Lair here.
The hell rat bites you!
* * * LOW HITPOINT WARNING * * *
The death yak gores you but does no damage.
The hell rat bites you.
* * * LOW HITPOINT WARNING * * *
The river rat bites you but does no damage.
You climb downwards.
Welcome to the Lair of Beasts!
The bullfrog gives a loud, deep croak!
Found 20 gold pieces.
There is a staircase back to the Dungeon here.
As you read the scroll labelled QUD NOATEWOMMA, it crumbles to dust.
It is a scroll of identify.
i - 3 potions of degeneration The hell rat bites you!
* * * LOW HITPOINT WARNING * * *
You feel drained.
* * * LOW HITPOINT WARNING * * *
The death yak barely misses you. The death yak gores you.
You die...

##..........
...........
#...F.....
#.......#
#.......#
#.......#
####.Y.Y...#
#.....@....#
......rr....#
............#
............#
.....$.....##
............
.............
...##....#...#


You could see 2 death yaks, a bullfrog, a hell rat and a river rat.

Vanquished Creatures
  An ogre (D:5)
  A kobold brigand (D:4)
  A necrophage (D:4)
  A hound (D:4)
  2 quasits (D:5)
  A jelly (D:5)
  An orc priest (D:5)
  A gnoll bouda (D:5)
  Crazy Yiuf (D:4)
  Natasha (thrice) (D:3)
  2 orc wizards
  8 gnolls
  2 adders
  A shadow imp (D:5)
  2 white imps (D:5)
  4 ufetubi (D:5)
  A worm (D:2)
  2 dart slugs
  8 orcs
  13 ball pythons
  7 endoplasms
  A giant cockroach (D:3)
  7 goblins
  11 hobgoblins
  2 quokkas (D:2)
  6 bats
  4 frilled lizards
  4 kobolds
  5 rats
103 creatures vanquished.

Vanquished Creatures (others)
  A demonic plant (D:5)
1 creature vanquished.

Grand Total: 104 creatures vanquished

Notes
Turn   | Place    | Note
-------+----------+-------------------------------------------
     0 | D:1      | bmack86 the Minotaur Fighter began the quest for the Orb.
     0 | D:1      | Reached XP level 1. HP: 19/19 MP: 0/0
   112 | D:1      | Found Coahaob's Armour Emporium.
   126 | D:1      | Reached XP level 2. HP: 24/26 MP: 1/1
   296 | D:1      | Reached skill level 3 in Axes
   490 | D:1      | Reached XP level 3. HP: 31/31 MP: 2/2
   662 | D:1      | Found a faded altar of an unknown god.
   815 | D:2      | Reached skill level 5 in Shields
  1279 | D:3      | Reached skill level 4 in Axes
  1309 | D:3      | Reached XP level 4. HP: 39/39 MP: 3/3
  1361 | D:3      | Found an ancient bone altar of Kikubaaqudgha.
  1466 | D:3      | Found a radiant altar of Vehumet.
  1576 | D:3      | Noticed Natasha
  1581 | D:3      | Killed Natasha
  1613 | D:3      | Reached skill level 5 in Axes
  2065 | D:3      | Reached XP level 5. HP: 45/45 MP: 4/4
  2208 | D:3      | Noticed Natasha
  2213 | D:3      | Killed Natasha
  2561 | D:3      | Noticed Natasha
  2571 | D:3      | Killed Natasha
  2572 | D:3      | Reached skill level 6 in Axes
  2774 | D:4      | Reached skill level 7 in Axes
  2774 | D:4      | Reached XP level 6. HP: 51/51 MP: 5/5
  2864 | D:4      | Identified the +1 scale mail of Beogh's Pride {rF+}
  2919 | D:4      | Found a basalt altar of Yredelemnul.
  2972 | D:4      | Found a sparkling altar of Nemelex Xobeh.
  3241 | D:4      | Found a runed translucent door.
  3242 | D:4      | Noticed Crazy Yiuf
  3251 | D:4      | Killed Crazy Yiuf
  3252 | D:4      | Reached skill level 8 in Axes
  3372 | D:5      | Entered Level 5 of the Dungeon
  3377 | D:5      | Reached XP level 7. HP: 57/57 MP: 6/6
  3399 | D:5      | Found a shimmering altar of Xom.
  3401 | D:5      | Found a hide-covered altar of Uskayaw.
  3401 | D:5      | Found an iron altar of Okawaru.
  3407 | D:5      | Became a worshipper of Warmaster Okawaru
  3512 | D:5      | Reached skill level 9 in Axes
  3512 | D:5      | Reached skill level 1 in Invocations
  3535 | D:5      | You fall into a shaft and drop 3 floors!
  3535 | D:8      | Found a white marble altar of Elyvilon.
  3550 | D:8      | Found a staircase to the Lair.
  3550 | D:8      | Noticed a death yak
  3550 | D:8      | Noticed a death yak
  3550 | D:8      | Noticed a death yak
  3556 | Lair:1   | Entered Level 1 of the Lair of Beasts
  3557 | Lair:1   | Slain by a death yak

Illustrated notes

Levels and vault maps discovered:
D:1:      dpeg_arrival_simpleton_c, layout_loops_ring, serial_shops,
          nicolae_shop_temple_entry_statues_fountains,
          chequers_ecumenical_altar_twisty, minmay_pentomino_q4
D:2:      layout_rooms, grunt_ministairs_10
D:3:      layout_loops_corners, fiery_altar_vehumet, old_standard_altar,
          uniq_natasha
D:4:      layout_gridville, mainiacjoe_overflow_alcove_4,
          mainiacjoe_overflow_tiny_flanked, uniq_crazy_yiuf_cottage
D:5:      layout_rooms, mainiacjoe_overflow_catwalk,
          mainiacjoe_overflow_alcove_1, gammafunk_temple_overflow_forgotten,
          serial_shops, shop, serial_demonic, serial_demonic_a,
          serial_demonic_f, serial_demonic_d, serial_demonic_f,
          serial_demonic_g, serial_demonic_e, serial_demonic_f,
          serial_demonic_f, serial_demonic_f, serial_demonic_d,
          chequers_serial_rivers_large_b
D:8:      layout_loops_cross, lemuel_tele_altar, dpeg_lair_monsters,
          eino_small_chamber_without_monster, uniq_psyche
Lair:1:   layout_hall_layers, hellmonk_ghost_happy_afterlife, lemuel_fruit_tree,
          serial_bayou_shore_a

Skill      XL: |  1  2  3  4  5  6  7 |
---------------+----------------------+-----
Shields        | 4 5 |  5.0
Axes           | 3 4 5 7 8 9 |  9.1
Fighting       | 4 |  4.2
Armour         | 4 |  4.2
Invocations    | 1 |  1.4

Action                   |  1- 3 |  4- 6 |  7- 9 || total
-------------------------+-------+-------+-------++-------
Melee: War axe           |    76 |    99 |    49 ||   224
       Headbutt          |     8 |    15 |    11 ||    34
Throw: Throwing net      |       |     1 |       ||     1
  Use: Scroll            |       |       |     2 ||     2
 Stab: Held in net/web   |       |     1 |       ||     1
Armor: Scale mail        |    32 |    11 |       ||    43
       Plate armour      |       |    30 |    76 ||   106
Dodge: Dodged            |    25 |    30 |    41 ||    96
Block: Buckler           |    19 |    15 |    36 ||    70
